 Dungeon Crawl Stone Soup version 0.24.0-123-gd5b16e6ec5 (webtiles) character file.

Game seed: 2783676347169086143, levelgen mode: deterministic

845 mortelune the Slasher (level 8, -7/62 HPs)
             Began as a Formicid Abyssal Knight on Dec 21, 2019.
             Was a Priest of Lugonu.
             Mangled by an ogre
             ... wielding a +0 giant spiked club
              (27 damage)
             ... on level 5 of the Dungeon.
             The game lasted 00:10:06 (8310 turns).

mortelune the Slasher (Formicid Abyssal Knight)     Turns: 8310, Time: 00:10:06

Health: -7/62      AC: 11    Str: 18    XL:     8   Next: 20%
Magic:  9/9        EV:  8    Int: 13    God:    Lugonu [***...]
Gold:   217        SH:  4    Dex: 10    Spells: 7/7 levels left

rFire    . . .     SeeInvis +   a - +2 falchion
rCold    . . .     Gourm    .   g - +0 buckler
rNeg     . . .     Faith    .   e - +0 chain mail
rPois    .         Spirit   .   (helmet unavailable)
rElec    .         Reflect  .   (no cloak)
rCorr    .         Harm     .   q - +1 pair of gloves
MR       .....                  (no boots)
Stlth    ..........             (no amulet)
HPRegen  0.20/turn              d - ring of stealth
MPRegen  0.11/turn              (no ring)

@: no status effects
A: permanent stasis, dig shafts and tunnels, four strong arms, antennae 3
a: Dig, Shaft Self, Depart the Abyss, Bend Space, Banish, Renounce Religion


You were on level 5 of the Dungeon.
You worshipped Lugonu.
Lugonu was most pleased with you.
You were near starving.

You visited 1 branch of the dungeon, and saw 5 of its levels.
You visited the Abyss 1 time.

You collected 217 gold pieces.

Inventory:

Hand Weapons
 a - a +2 falchion (weapon)
 m - a +0 mace
Missiles
 o - 12 javelins (quivered)
Armour
 b - a +0 leather armour
 e - a +0 chain mail (worn)
 f - a +0 leather armour of cold resistance
 g - a +0 buckler (worn)
 p - a +0 ring mail
 q - a +1 pair of gloves (worn)
Jewellery
 d - a ring of stealth (left hand)
Scrolls
 h - a scroll of fear
 k - a scroll of identify
 l - a scroll of enchant weapon
 n - 2 scrolls of teleportation {unknown}
 r - a scroll of magic mapping {unknown}
 s - a scroll of acquirement {unknown}
 t - a scroll of silence {unknown}
 u - a scroll of enchant armour
Potions
 i - a potion of haste {unknown}
 j - a potion of brilliance {unknown}
Comestibles
 c - 8 rations


   Skills:
 + Level 5.3 Fighting
 * Level 5.8 Long Blades
 + Level 4.6 Armour
 - Level 1.9 Dodging
 + Level 3.6 Shields
 * Level 2.6 Invocations


You had 7 spell levels left.
You didn't know any spells.
Your spell library was empty.

Dungeon Overview and Level Annotations

Branches:
Dungeon (5/15)
 Temple: D:4-7

Altars:
Elyvilon
Fedhas
Qazlal
Ru
Sif Muna
Vehumet
Xom
Yredelemnul
The Shining One

Annotations:
D:5 Prince Ribbit


Innate Abilities, Weirdness & Mutations

You cannot be hasted, slowed, berserked, paralysed or teleported.
You can dig through walls and to a lower floor.
Your four strong arms can wield two-handed weapons with a shield.
You have a pair of large antennae on your head. (SInv)


Message History

You hit the ogre.
The ogre is moderately wounded.
You barely miss the ogre.
The ogre is moderately wounded.
The ogre hits you with a +0 giant spiked club!
You hit the ogre.
The ogre is heavily wounded.
The ogre hits you but does no damage.
You hit the ogre.
The ogre is heavily wounded.
You barely miss the ogre.
The ogre is heavily wounded.
The ogre hits you with a +0 giant spiked club!
You slash the ogre!
The ogre is almost dead.
The ogre hits you with a +0 giant spiked club!
You barely miss the ogre.
The ogre is almost dead.
The ogre hits you with a +0 giant spiked club!!
You die...

#. #. #. #. ######
#..... #.....
##.################)....
#.....O@................
###################.....
######


You could see an ogre.

Vanquished Creatures
  Duvessa (D:4)
  A phantom (D:4)
  Blork the orc (D:4)
  Dowan (D:4)
  A water moccasin skeleton (D:4)
  A scorpion (D:4)
  A crimson imp (D:5)
  A centaur zombie (D:5)
  3 hounds
  An orc wizard (D:4)
  An orc priest (D:5)
  A hound skeleton (D:5)
  Robin (D:4)
  6 adders
  4 oozes
  An adder skeleton (D:4)
  2 worms (D:3)
  2 dart slugs
  3 leopard geckos
  15 orcs
  2 ball pythons
  6 bats
  4 giant cockroaches
  17 goblins
  12 hobgoblins
  8 jackals
  5 kobolds
  3 quokkas
  4 frilled lizards
  A leopard gecko skeleton (D:4)
  10 rats
120 creatures vanquished.

Vanquished Creatures (others)
  A quokka (D:4)
1 creature vanquished.

Grand Total: 121 creatures vanquished

Notes
Turn   | Place    | Note
-------+----------+-------------------------------------------
     0 | Abyss:1  | mortelune the Formicid Abyssal Knight began the quest for
                  | the Orb.
     0 | Abyss:1  | Reached XP level 1. HP: 18/18 MP: 2/2
    11 | Abyss:1  | Found a corrupted altar of Lugonu.
    40 | Abyss:1  | Noticed an orange demon
    40 | Abyss:1  | Noticed a shadow dragon skeleton
    41 | D:1      | Escaped the Abyss
   112 | D:1      | Reached skill level 1 in Dodging
   366 | D:1      | Reached XP level 2. HP: 21/24 MP: 3/3
   396 | D:1      | Reached * piety under Lugonu
   980 | D:1      | Reached XP level 3. HP: 26/29 MP: 4/4
  2264 | D:2      | Reached XP level 4. HP: 21/37 MP: 5/5
  2905 | D:2      | Reached ** piety under Lugonu
  3388 | D:2      | Found a shimmering blue altar of Sif Muna.
  3417 | D:2      | Found a stormy altar of Qazlal.
  3615 | D:3      | HP: 1/37 [poisoned by an adder]
  3875 | D:3      | Reached XP level 5. HP: 40/42 MP: 6/6
  4622 | D:3      | Found a sacrificial altar of Ru.
  4622 | D:3      | Found a radiant altar of Vehumet.
  4627 | D:3      | Found a shimmering altar of Xom.
  4629 | D:3      | Found a blossoming altar of Fedhas.
  4631 | D:3      | Found a glowing golden altar of the Shining One.
  5134 | D:4      | Found a white marble altar of Elyvilon.
  5139 | D:4      | Noticed Duvessa
  5139 | D:4      | Noticed Dowan
  5452 | D:4      | Noticed Robin
  5731 | D:4      | Reached skill level 1 in Shields
  5775 | D:4      | Killed Robin
  5775 | D:4      | Reached XP level 6. HP: 26/48 MP: 7/7
  5896 | D:4      | Noticed Blork the orc
  5916 | D:4      | Killed Blork the orc
  6402 | D:4      | Killed Duvessa
  6402 | D:4      | Reached XP level 7. HP: 8/55 MP: 8/8
  6875 | D:4      | Killed Dowan
  6931 | D:4      | Reached skill level 5 in Long Blades
  7390 | D:4      | Found a basalt altar of Yredelemnul.
  7471 | D:5      | Entered Level 5 of the Dungeon
  7471 | D:5      | Noticed Prince Ribbit
  7553 | D:5      | Reached skill level 5 in Fighting
  7561 | D:5      | Reached *** piety under Lugonu
  7978 | D:4      | Reached XP level 8. HP: 52/62 MP: 9/9
  8310 | D:5      | Mangled by an ogre

Levels and vault maps discovered:
D:1:      dpeg_arrival_solitude, layout_loops_ring
D:2:      layout_basic, led_sif_pool, lemuel_coloured_pillars_altar,
          first_ration
D:3:      layout_loops_ring, chequers_temple_overflow_minitemple,
          kennysheep_small_spiral, kennysheep_generic_room_5
D:4:      layout_basic, kennysheep_mini, elyvilon_altar_4, uniq_blork_the_orc,
          uniq_duvessa, uniq_robin
D:5:      layout_basic, grunt_gozag_statues, uniq_prince_ribbit1

Skill      XL: |  1  2  3  4  5  6  7 |
---------------+----------------------+-----
Dodging        | 1 |  1.9
Long Blades    | 3 4 5 |  5.8
Armour         | 3 4 |  4.6
Fighting       | 4 5 |  5.3
Shields        | 1 2 3 |  3.6
Invocations    | |  2.6

Action                   |  1- 3 |  4- 6 |  7- 9 || total
-------------------------+-------+-------+-------++-------
Melee: Falchion          |    87 |   259 |   185 ||   531
Throw: Javelin           |       |     7 |       ||     7
Invok: Depart the Abyss  |     1 |       |       ||     1
  Use: Potion            |       |     3 |       ||     3
       Scroll            |       |     1 |     6 ||     7
  Eat: Chunk             |     4 |    11 |     4 ||    19
       Ration            |       |     1 |       ||     1
Armor: Leather armour    |    33 |    25 |       ||    58
       Ring mail         |       |    38 |       ||    38
       Scale mail        |       |     6 |       ||     6
       Chain mail        |       |       |    77 ||    77
Dodge: Dodged            |    64 |   133 |    47 ||   244
Block: Buckler           |       |    14 |    30 ||    44
       Rpst.: Falchion   |    21 |    43 |    16 ||    80
